 Dungeon Crawl Stone Soup version 0.26-a0-682-g294304f6e8 (webtiles) character file.

Game seed: 10408931245247242976

2706 Kinoniko the Spear-Bearer (level 9, -6/84 HPs)
             Began as an Ogre Berserker on Oct 19, 2020.
             Was an Elder of Trog.
             Mangled by a wolf (9 damage)
             ... led by Grum
             ... on level 8 of the Dungeon.
             The game lasted 00:12:06 (7642 turns).

Kinoniko the Spear-Bearer (Ogre Berserker)          Turns: 7642, Time: 00:12:06

Health: -6/84      AC:  6    Str: 26    XL:     9   Next: 65%
Magic:  9/9        EV: 10    Int:  8    God:    Trog [****..]
Gold:   439        SH:  0    Dex:  8    Spells: 8/8 levels left

rFire    . . .     SeeInvis .   c - +2 trident
rCold    . . .     Faith    .   (no shield)
rNeg     . . .     Spirit   .   b - +0 animal skin
rPois    .         Reflect  .   (helmet restricted)
rElec    .         Harm     .   h - +2 cloak
rCorr    +         Rampage  .   (gloves unavailable)
MR       .....                  (boots unavailable)
Stlth    ++........             y - amulet of the acrobat
HPRegen  0.24/turn              u - ring of stealth
MPRegen  0.11/turn              d - ring of resist corrosion

@: berserk cooldown, slowed, very slow
A: large, unfitting armour, tough skin 1
a: Berserk, Trog's Hand, Brothers in Arms, Renounce Religion


You were on level 8 of the Dungeon.
You worshipped Trog.
Trog was greatly pleased with you.
You visited 1 branch of the dungeon, and saw 8 of its levels.

You collected 439 gold pieces.

Inventory:

Hand Weapons
 a - a +0 spear
 c - a +2 trident (weapon)
Armour
 b - a +0 animal skin (worn)
 h - a +2 cloak (worn)
 r - a +0 kite shield
 w - a +0 tower shield
Jewellery
 d - a ring of resist corrosion (right hand)
 l - an uncursed ring of positive energy
 n - an uncursed ring of flight
 t - an uncursed amulet of magic regeneration
 u - a ring of stealth (left hand)
 y - an amulet of the acrobat (around neck)
Wands
 p - a wand of digging (1)
 v - a wand of flame (19)
 C - a wand of polymorph (6)
Scrolls
 e - 5 scrolls of remove curse
 f - 2 scrolls of enchant armour
 i - 3 scrolls of teleportation
 j - 5 scrolls of magic mapping
Potions
 g - a potion of magic
 k - a potion of resistance
 m - a potion of might
 o - 2 potions of curing
 s - a potion of experience {unknown}
 x - 2 potions of flight {unknown}
 z - a potion of berserk rage {unknown}
 A - a potion of brilliance {unknown}


   Skills:
 - Level 4.0 Fighting
 * Level 12.0 Polearms
 - Level 2.6 Dodging
 + Level 4.3 Shields


You had 8 spell levels left.
You didn't know any spells.
Your spell library was empty.

Dungeon Overview and Level Annotations

Branches:
Dungeon (8/15)             Temple (0/1) D:5
   Lair: D:8-11

Altars:
Ashenzari
Dithmenos
Elyvilon
Gozag
Nemelex Xobeh
Okawaru
Uskayaw
Vehumet
Xom
Zin

Shops:
D:8 ?

Annotations:
D:5 3 runed translucent doors, Descartes's ghost, weakling FeDe
D:6 1 runed translucent door, Kinoniko's ghost, novice OgFi
D:7 2 transporters


Innate Abilities, Weirdness & Mutations

You are too large for most types of armour.
You have tough skin. (AC +1)


Message History

The ice beast barely misses you. The wolf bites you!
* * * LOW HITPOINT WARNING * * *
You feel better. The wolf bites you!
* * * LOW HITPOINT WARNING * * *
The ice beast hits you but does no damage.
The wolf closely misses you.
You feel better. The wolf bites you.
* * * LOW HITPOINT WARNING * * *
The ice beast hits you but does no damage.
The wolf bites you but does no damage. The ice beast closely misses you.
The wolf bites you.
* * * LOW HITPOINT WARNING * * *
You feel better. The wolf bites you but does no damage.
The ice beast completely misses you. The wolf misses you.
As you read the scroll labeled JAILYL FE SYJA, it crumbles to dust.
You hear a loud clanging noise!
It was a scroll of noise.
The wolf completely misses you. The wolf bites you.
* * * LOW HITPOINT WARNING * * *
The ice beast barely misses you. The wolf bites you!
You die...

#...........###...
#..######...# #... ##..#
#...# #.##
##.#####...###.##
#..#............
##>#.##.#....... .
#....#..##......
....#####...............
......Y@................
.....##.h#....รท.........
... .............#.###. ..
##..##........#.....
#..####.####.#.#.........
#..#.....................
##.......##........##.#.##
#.......##............#.##
#.##.##............#..#.##


You could see an ice beast and a wolf.

Vanquished Creatures
  Prince Ribbit (D:5)
  Grum (D:8)
  An ice beast (D:6)
  A phantom (D:7)
  3 ogres
  2 sky beasts
  2 wolves (D:8)
  A centaur (D:7)
  3 bullfrogs
  A scorpion (D:3)
  8 wights (D:6)
  2 bullfrog zombies (D:6)
  A centaur zombie (D:8)
  4 orc priests
  2 bullfrog skeletons
  A jelly (D:8)
  Natasha (thrice) (D:3)
  A centaur skeleton (D:5)
  3 orc wizards
  8 worker ants
  A worker ant zombie (D:6)
  A howler monkey skeleton (D:4)
  8 adders
  A shadow imp (D:7)
  3 white imps (D:5)
  An ufetubus (D:5)
  2 oozes
  2 adder zombies (D:5)
  3 worms
  2 dart slugs
  9 leopard geckos
  21 orcs
  4 giant cockroaches
  7 goblins
  8 hobgoblins
  13 jackals
  2 quokkas
  A ball python (D:5)
  8 bats
  3 frilled lizards
  2 jackal skeletons
  6 kobolds
  6 rats
163 creatures vanquished.

Notes
Turn   | Place    | Note
-------+----------+-------------------------------------------
     0 | D:1      | Kinoniko the Ogre Berserker began the quest for the Orb.
     0 | D:1      | Reached XP level 1. HP: 24/24 MP: 1/1
   153 | D:1      | Reached XP level 2. HP: 18/32 MP: 2/2
   765 | D:2      | Reached skill level 4 in Polearms
   896 | D:2      | Reached XP level 3. HP: 28/39 MP: 3/3
  1112 | D:2      | Reached XP level 4. HP: 11/48 MP: 4/4
  1213 | D:2      | Reached skill level 5 in Polearms
  1534 | D:2      | Reached ** piety under Trog
  1983 | D:3      | Reached XP level 5. HP: 54/54 MP: 5/5
  2120 | D:3      | Noticed Natasha
  2125 | D:3      | Killed Natasha
  2125 | D:3      | Reached skill level 6 in Polearms
  2241 | D:3      | Noticed a sky beast
  2258 | D:3      | Killed a sky beast
  2258 | D:3      | Reached XP level 6. HP: 62/62 MP: 6/6
  2333 | D:3      | Reached skill level 7 in Polearms
  2537 | D:3      | Noticed Natasha
  2549 | D:3      | Killed Natasha
  2549 | D:3      | Reached *** piety under Trog
  2693 | D:3      | Noticed Natasha
  2698 | D:3      | Killed Natasha
  2887 | D:4      | Reached XP level 7. HP: 70/70 MP: 7/7
  2969 | D:4      | Reached skill level 8 in Polearms
  3685 | D:5      | Entered Level 5 of the Dungeon
  3816 | D:5      | Reached skill level 9 in Polearms
  3915 | D:5      | Reached XP level 8. HP: 78/78 MP: 8/8
  3986 | D:5      | Found a radiant altar of Vehumet.
  3988 | D:5      | Found a sparkling altar of Nemelex Xobeh.
  3988 | D:5      | Found a glowing silver altar of Zin.
  3989 | D:5      | Found an opulent altar of Gozag.
  3990 | D:5      | Noticed Prince Ribbit
  3996 | D:5      | Killed Prince Ribbit
  3996 | D:5      | Reached skill level 10 in Polearms
  4090 | D:5      | Noticed Descartes's ghost (weakling FeDe)
  4162 | D:5      | Found a runed translucent gate.
  4162 | D:5      | Found a runed translucent gate.
  4162 | D:5      | Found a runed translucent gate.
  4301 | D:5      | Found a shadowy altar of Dithmenos.
  4499 | D:5      | Found a staircase to the Ecumenical Temple.
  4725 | D:6      | Reached **** piety under Trog
  4772 | D:6      | Reached skill level 1 in Shields
  5436 | D:6      | Reached XP level 9. HP: 84/84 MP: 9/9
  5440 | D:6      | Reached skill level 11 in Polearms
  5441 | D:6      | Found a hide-covered altar of Uskayaw.
  5452 | D:6      | Noticed a +0 hand axe
  5452 | D:6      | Noticed a +4 dagger
  5700 | D:6      | Found a runed translucent door.
  5708 | D:6      | Noticed Kinoniko's ghost (novice OgFi)
  5839 | D:6      | Found an iron altar of Okawaru.
  6148 | D:7      | Found a transporter.
  6159 | D:7      | Found a white marble altar of Elyvilon.
  6161 | D:7      | Noticed a manticore
  6172 | D:7      | Found a transporter.
  6710 | D:7      | Found a shimmering altar of Xom.
  6896 | D:7      | Found a broken altar of Ashenzari.
  7264 | D:8      | Found Vuesish's Magic Scroll Shoppe.
  7611 | D:8      | Noticed Grum
  7630 | D:8      | Killed Grum
  7630 | D:8      | Reached skill level 12 in Polearms
  7639 | D:8      | HP: 3/84 [wolf[Grum] (11)]
  7642 | D:8      | Mangled by a wolf

Illustrated notes

Levels and vault maps discovered:
D:1:      dpeg_arrival_renting, layout_basic
D:2:      layout_loops_ring, minmay_fractal_squares_5
D:3:      layout_rooms, uniq_natasha
D:4:      layout_basic
D:5:      layout_basic, grunt_dithmenos_smoke, gammafunk_temple_overflow_claw,
          vehumet_crystals, minmay_temple_entry_trees, gammafunk_ghost_icy,
          uniq_prince_ribbit1
D:6:      layout_loops_corners, marbit_many_paths, dancing_weapons_uskayaw,
          ebering_ghost_sewer_d
D:7:      layout_rooms, lemuel_doored_altar, gammafunk_temple_overflow_arena,
          evilmike_ruin_ashenzari, corexii_checkpoint_b
D:8:      layout_rooms, serial_shops, shop, hangedman_decor_clover_reticule,
          uniq_grum

Skill      XL: |  1  2  3  4  5  6  7  8  9 |
---------------+----------------------------+-----
Polearms       | 4 5 6 7 9 10 12 | 12.0
Shields        | 2 4 |  4.3
Fighting       | |  4.0
Dodging        | |  2.6

Action                   |  1- 3 |  4- 6 |  7- 9 || total
-------------------------+-------+-------+-------++-------
Melee: Spear             |   100 |   124 |       ||   224
       Trident           |       |    11 |   340 ||   351
Invok: Berserk           |     2 |     9 |    19 ||    30
  Use: Scroll            |     4 |     7 |     5 ||    16
       Potion            |     3 |       |     4 ||     7
 Stab: Sleeping          |       |       |     3 ||     3
       Distracted        |       |       |     2 ||     2
Armor: Animal skin       |    25 |    17 |    56 ||    98
       Skin              |    25 |     2 |       ||    27
Dodge: Dodged            |    53 |    30 |    99 ||   182

Table legend: (Time is in decaauts)
 A = Elapsed time spent in this place.
 B = Non-inter-level travel time spent in this place.
 C = Inter-level travel time spent in this place.
 D = Time resting spent in this place.
 E = Time spent auto-exploring this place.
 F = Levels seen in this place.
 G = Mean time per level.
                   A        B        C        D        E       F      G
               +--------+--------+--------+--------+--------+-----+--------+
         Total |   7788 |   7605 |    183 |   2804 |   3805 |   8 |  973.5 |
       Dungeon |   7788 |   7605 |    183 |   2804 |   3805 |   8 |  973.5 |
               +--------+--------+--------+--------+--------+-----+--------+

Top non-repeatable levels by time:
     D:6: 1486 daAuts
     D:2: 1128 daAuts
     D:7: 1048 daAuts
     D:5: 1038 daAuts
     D:4: 961 daAuts
     D:3: 952 daAuts
     D:1: 740 daAuts
     D:8: 432 daAuts
